 Dungeon Crawl Stone Soup version 0.29.1-2-gbd0b4ee654 (webtiles) character file.

Game seed: 90342941197342000

815 GitaneMais the Spear-Bearer (level 7, 0/55 HPs)
             Began as a Merfolk Gladiator on Nov 1, 2022.
             Slain by an ufetubus (2 damage)
             ... on level 5 of the Dungeon.
             The game lasted 00:09:45 (5684 turns).

GitaneMais the Spear-Bearer (Merfolk Gladiator)     Turns: 5684, Time: 00:09:45

Health: 0/55       AC:  7    Str: 14    XL:     7   Next: 94%
Magic:  7/7        EV: 12    Int:  9    God:
Gold:   209        SH:  0    Dex: 16    Spells: 3/6 levels left

rFire   . . .      SeeInvis .   a - +1 trident
rCold   . . .      Faith    .   (no shield)
rNeg    . . .      Spirit   .   i - +0 ring mail
rPois   .          Reflect  .   f - +0 helmet
rElec   .          Harm     .   p - +0 cloak
rCorr   .          Rampage  .   (no gloves)
Will    .....                   (no boots)
Stlth   +.........              (no amulet)
HPRegen 0.18/turn               (no ring)
MPRegen 0.10/turn               (no ring)

@: no status effects
A: (nimble swimmer 2), mertail
a: no special abilities


You were on level 5 of the Dungeon.
You visited 1 branch of the dungeon, and saw 5 of its levels.

You collected 209 gold pieces.

Inventory:

Hand Weapons
 a - a +1 trident (weapon)
Missiles
 d - 3 throwing nets
 e - a javelin (quivered)
 y - 2 curare-tipped darts
 z - 3 boomerangs
 A - 3 poisoned darts
Armour
 b - a +0 leather armour
 f - a +0 helmet (worn)
 i - a +0 ring mail (worn)
 p - a +0 cloak (worn)
Jewellery
 v - an amulet of faith
Wands
 B - a wand of paralysis (4)
Scrolls
 g - a scroll of brand weapon {unknown}
 j - 7 scrolls of identify
 k - 2 scrolls of magic mapping
 l - 2 scrolls of blinking
 m - a scroll of fear {unknown}
 q - a scroll of enchant weapon
 s - a scroll of fog {unknown}
 x - 2 scrolls of teleportation {unknown}
 D - a scroll of immolation {unknown}
Potions
 c - a potion of degeneration {unknown}
 h - a potion of ambrosia {unknown}
 n - a potion of resistance
 o - a potion of curing
 r - a potion of might
 t - a potion of cancellation {unknown}
 u - a potion of mutation {unknown}
 w - 3 potions of heal wounds
 C - a potion of brilliance {unknown}


   Skills:
 + Level 4.7 Fighting
 * Level 8.2 Polearms
 + Level 4.2 Throwing
 - Level 4.6 Dodging
 + Level 3.3 Poison Magic


You had 3 spell levels left.
You knew the following spells:

 Your Spells              Type           Power      Damage    Failure   Level
a - Mephitic Cloud        Conj/Pois/Air  2%         N/A       85%         3

Your spell library contained the following spells:

 Spells                   Type           Power      Damage    Failure   Level
 Apportation              Tloc           0%         N/A       63%         1
 Necrotise                Necr           0%         1d4       63%         1
 Summon Small Mammal      Summ           0%         N/A       63%         1
 Ignite Poison            Fire/Tmut/Pois 2%         N/A       85%         3
 Call Canine Familiar     Summ           0%         N/A       94%         3
 Portal Projectile        Hex/Tloc       0%         N/A       94%         3
 Leda's Liquefaction      Hex/Erth       0%         N/A       100%        4
 Freezing Cloud           Conj/Ice/Air   0%         6-21      100%        5
 Simulacrum               Ice/Necr       0%         N/A       100%        6
 Chain Lightning          Conj/Air       0%         N/A       100%        9
 Fire Storm               Conj/Fire      0%         5d1       100%        9
 Polar Vortex             Ice            0%         N/A       100%        9
 Shatter                  Erth           0%         3d5*      100%        9


Dungeon Overview and Level Annotations

Branches:
Dungeon (5/15)
 Temple: D:4-7

Altars:
Uskayaw
Vehumet
Wu Jian
The Shining One

Shops:
D:5 *


Innate Abilities, Weirdness & Mutations

((You are very nimble when in or above water. (Stealth+, EV+, Speed+++)))
Your lower body shifts to a powerful aquatic tail in water.


Message History

The ufetubus closely misses you. The ufetubus hits you.
* * * LOW HITPOINT WARNING * * *
The water moccasin attacks as you move away!
The water moccasin closely misses you. The ufetubus misses you.
The ufetubus closely misses you.
The water moccasin attacks as you move away!
The water moccasin completely misses you.
The ufetubus attacks as you move away!
The ufetubus hits you but does no damage.
The ufetubus closely misses you.
The water moccasin attacks as you move away!
The water moccasin closely misses you.
The water moccasin bites you but does no damage.
The ufetubus misses you. The ufetubus hits you.
* * * LOW HITPOINT WARNING * * *
The ufetubus attacks as you move away! The ufetubus closely misses you. x2
The ufetubus hits you but does no damage.
The ufetubus barely misses you. The ufetubus attacks as you move away!
The ufetubus barely misses you. x2
The water moccasin bites you but does no damage.
The ufetubus attacks as you move away! The ufetubus barely misses you. x2
The ufetubus hits you.
* * * LOW HITPOINT WARNING * * *
The ufetubus barely misses you. The ufetubus attacks as you move away!
The ufetubus hits you.
* * * LOW HITPOINT WARNING * * *
The ufetubus closely misses you.
The iguana hisses menacingly.
Things that are here:
a +0 club; a +0 flail; a +0 club The ufetubus barely misses you.
The ufetubus closely misses you. The ufetubus attacks as you move away!
The ufetubus barely misses you. The ufetubus hits you.
* * * LOW HITPOINT WARNING * * *
The ufetubus misses you.
The ufetubus hits you but does no damage.
The ufetubus attacks as you move away! The ufetubus hits you.
* * * LOW HITPOINT WARNING * * *
The ufetubus hits you.
You die...

.....###..........#.,**,,,*#..#l#
....>##.....#...#.#*,,**,*#..##.#
...............##.#,*,,**#..#,#l#
..................#*,*,,#..#,*#.#
..>..##.#...#.##..#,*,*...#,*,#S#
....###.#...#.#...#**##########.#
........#...#.#.#.####........#.#
##..#####.....#.#5S)Sl.l........#
......##........@#####........###
#####.##.........# #........#
.................# #........#
.................# #.###.#.####
.................#####.#.........
........##.......##..............
........##.............#.........
.)......###.....#.#.######.######
..................#.# #.#


You could see a water moccasin, 2 iguanas, an adder and an ufetubus.

Vanquished Creatures
  Menkaure (D:4)
  2 ice beasts (D:5)
  A necrophage (D:5)
  A scorpion (D:3)
  A howler monkey (D:5)
  A hound (D:5)
  2 iguanas
  4 orc wizards
  3 gnolls (D:5)
  2 adders
  A white imp (D:5)
  An ufetubus (D:4)
  A worm (D:2)
  3 dart slugs
  10 orcs
  8 ball pythons
  9 bats
  6 endoplasms
  3 giant cockroaches
  10 goblins
  10 hobgoblins
  4 jackals (D:1)
  14 kobolds
  7 quokkas
  A frilled lizard (D:1)
  6 rats
112 creatures vanquished.

Notes
Turn   | Place    | Note
-------+----------+-------------------------------------------
     0 | D:1      | GitaneMais the Merfolk Gladiator began the quest for the
                  | Orb.
     0 | D:1      | Reached XP level 1. HP: 16/16 MP: 1/1
    89 | D:1      | Reached XP level 2. HP: 14/23 MP: 2/2
   403 | D:1      | Found a faded altar of an unknown god.
   417 | D:1      | Reached XP level 3. HP: 19/28 MP: 3/3
   855 | D:1      | Reached skill level 5 in Polearms
  1335 | D:2      | Reached XP level 4. HP: 34/34 MP: 4/4
  1996 | D:3      | Found an ornate altar of the Wu Jian Council.
  2045 | D:3      | Learned a level 3 spell: Mephitic Cloud
  2113 | D:3      | Found a glowing golden altar of the Shining One.
  2114 | D:3      | Found a hide-covered altar of Uskayaw.
  2242 | D:3      | Found a radiant altar of Vehumet.
  2293 | D:3      | Reached XP level 5. HP: 36/41 MP: 5/5
  2777 | D:3      | Reached skill level 6 in Polearms
  2777 | D:3      | Reached skill level 1 in Poison Magic
  3122 | D:4      | Reached XP level 6. HP: 46/47 MP: 6/6
  3373 | D:4      | Noticed Menkaure
  3390 | D:4      | Killed Menkaure
  3828 | D:4      | Reached skill level 7 in Polearms
  4095 | D:5      | Entered Level 5 of the Dungeon
  4117 | D:5      | Found Ydaos's General Store.
  4440 | D:5      | Reached XP level 7. HP: 47/54 MP: 7/7
  5513 | D:5      | Reached skill level 8 in Polearms
  5684 | D:5      | HP: 2/55 [ufetubus (1)]
  5684 | D:5      | Slain by an ufetubus

Illustrated notes

Levels and vault maps discovered:
D:1:      doesnt_arrival_eight_statues, layout_basic,
          chequers_ecumenical_altar_grove, minmay_small_reverse_x
D:2:      layout_basic, nrook_campfire, kennysheep_generic_room_16
D:3:      layout_basic, mainiacjoe_overflow_catwalk,
          mainiacjoe_overflow_boulevard, gammafunk_temple_overflow_statue,
          minmay_misc_feat_rugged, minmay_misc_feat_diagonals
D:4:      layout_basic, uniq_menkaure
D:5:      minmay_diamond_boxcup, layout_rooms, serial_shops,
          nicolae_shop_behind_doors

Skill      XL: |  1  2  3  4  5  6  7 |
---------------+----------------------+-----
Polearms       | 5 6 7 8 |  8.2
Fighting       | 3 4 |  4.7
Throwing       | 3 4 |  4.2
Poison Magic   | 1 2 3 |  3.3
Dodging        | |  4.6

Action                   |  1- 3 |  4- 6 |  7- 9 || total
-------------------------+-------+-------+-------++-------
Melee: Trident           |   146 |   189 |    82 ||   417
       Punch             |     1 |     2 |     1 ||     4
       Tailslap          |       |     1 |       ||     1
Throw: Javelin           |       |     1 |       ||     1
       Throwing net      |       |     1 |       ||     1
  Use: Scroll            |       |     5 |       ||     5
       Potion            |       |     3 |       ||     3
Armor: Leather armour    |     3 |       |       ||     3
       Ring mail         |    38 |    50 |    32 ||   120
Dodge: Dodged            |    83 |    87 |    79 ||   249
